 Dungeon Crawl Stone Soup version 0.24-a0-284-g9fb9971df1 (webtiles) character file.

Game seed: 16553324865113380684

76317 Redear the Eclecticist (level 15, -3/81 HPs)
             Began as an Octopode Fire Elementalist on May 4, 2019.
             Was the Champion of Zin.
             Slain by a manticore (10 damage)
             ... on level 6 of the Lair of Beasts.
             The game lasted 02:43:30 (31555 turns).

Redear the Eclecticist (OpFE)                      Turns: 31555, Time: 02:43:31

Health: -3/81      AC:  3    Str: 11    XL:     15   Next: 53%
Magic:  23/58      EV: 21    Int: 33    God:    Zin [******]
Gold:   970        SH:  0    Dex: 25    Spells: 17/44 levels left

rFire    + + .     SeeInvis +   u - staff of power {MP+15}
rCold    + + .     Gourm    .   (no shield)
rNeg     . . .     Faith    .   (helmet restricted)
rPois    ∞         Spirit   .   Y - amulet of magic regeneration
rElec    .         Reflect  .   a - ring of magical power {MP+9}
rCorr    .         Harm     .   c - ring of protection from cold {rC+}
MR       ++++.                  W - ring "Lene" {+Fly MR++ Dex+3 Slay+3 Stlth-}
Stlth    +++.......             t - ring "Opunk" {rPois Str+4 Dex+4 SInv}
HPRegen  0.23/turn              B - +3 ring of intelligence
MPRegen  0.61/turn              f - ring of protection from fire {rF+}
                                o - ring of poison resistance {rPois}
                                L - ring of Efyhoo Pyta {rF+ rC+ Str-4 Int+3 SInv}

@: vitalised, about to teleport, barbed spikes
A: almost no armour, stealthy swim, amphibious, 8 rings, constrict 8, slimy
green scales 1, camouflage 1, magic resistance 1, gelatinous body 1, MP-powered
wands
a: Recite, Vitalisation, Imprison, Sanctuary, Donate Gold, Renounce Religion,
Evoke Flight


You were on level 6 of the Lair of Beasts.
You worshipped Zin.
Zin was exalted by your worship.
You were not hungry.

You visited 3 branches of the dungeon, and saw 21 of its levels.
You also visited: Ossuary and Bailey.

You collected 1851 gold pieces.
You spent 752 gold pieces at shops.
You donated 129 gold pieces to Zin.

Inventory:

Hand Weapons
 p - the +9 short sword "Conservator" {pierce, rF+ Str+3 Int+3}
   (You found it on level 4 of the Lair of Beasts)

   It inflicts extra damage upon your enemies.
   It affects your strength (+3).
   It affects your intelligence (+3).
   It protects you from fire.
Missiles
 R - 472 stones (quivered)
 Z - 2 throwing nets {+f}
Armour
 g - a +0 shield
 y - a +0 buckler
Magical Staves
 u - an uncursed staff of power (weapon) {MP+15}
Jewellery
 a - a ring of magical power (left tentacle) {MP+9}
 c - a ring of protection from cold (right tentacle) {rC+}
 f - a ring of protection from fire (on tentacle) {rF+}
 o - a ring of poison resistance (on tentacle) {rPois}
 t - the ring "Opunk" (on tentacle) {rPois Str+4 Dex+4 SInv}
   (You found it on level 6 of the Dungeon)

   [ring of see invisible]

   It affects your strength (+4).
   It affects your dexterity (+4).
   It protects you from poison.
   It lets you see invisible.
 B - a +3 ring of intelligence (on tentacle)
 G - an uncursed amulet of rage {+Rage}
 L - the ring of Efyhoo Pyta (on tentacle) {rF+ rC+ Str-4 Int+3 SInv}
   (You acquired it on level 10 of the Dungeon)

   [ring of intelligence]

   It affects your strength (-4).
   It affects your intelligence (+3).
   It protects you from fire.
   It protects you from cold.
   It lets you see invisible.
 O - an uncursed ring of protection from fire {rF+}
 W - the ring "Lene" (on tentacle) {+Fly MR++ Dex+3 Slay+3 Stlth-}
   (You acquired it on level 10 of the Dungeon)

   [ring of dexterity]

   It affects your dexterity (+3).
   It affects your accuracy and damage with ranged weapons and melee attacks
   (+3).
   It affects your resistance to hostile enchantments.
   It lets you fly.
   It makes you less stealthy.
 Y - an amulet of magic regeneration (around mantle)
Wands
 A - a wand of acid (7)
 D - a wand of digging (1)
 I - a wand of iceblast (18)
 P - a wand of paralysis (22)
 S - a wand of scattershot (1)
 U - a wand of disintegration (18)
Scrolls
 d - 5 scrolls of blinking {@r4}
 e - 3 scrolls of enchant armour
 i - a scroll of silence
 m - 5 scrolls of immolation
 n - a scroll of summoning
 r - 4 scrolls of enchant weapon
 s - 6 scrolls of teleportation {@r3}
 x - 2 scrolls of amnesia
 J - a scroll of vulnerability {unknown}
 K - a scroll of fog
 M - a scroll of magic mapping
 N - 6 scrolls of remove curse {@r2}
Potions
 b - 2 potions of lignification
 h - 4 potions of resistance {rF+ rC+ rPois rElec rCorr}
 j - 2 potions of invisibility
 k - 7 potions of heal wounds {@q1}
 l - 2 potions of flight
 q - 5 potions of brilliance {Archmagi Int+5 Wiz++}
 v - 8 potions of might {Str+5 DMG+1d10 | @q3}
 w - 2 potions of magic
 E - a potion of agility {Stlth+ Dex+5 EV+5 | @q4}
 F - 3 potions of cancellation
 H - 9 potions of haste {@q5}
 Q - 8 potions of curing {@q2}
Miscellaneous
 C - a lightning rod (4/4)
 V - a fan of gales
 X - a phial of floods
Comestibles
 z - 3 chunks of flesh
 T - 9 rations


   Skills:
 + Level 8.0 Dodging
 - Level 2.6 Stealth
 + Level 4.0 Shields
 - Level 15.0 Spellcasting
 - Level 11.6 Conjurations
 - Level 2.1 Translocations
 - Level 10.0 Fire Magic
 + Level 3.8 Ice Magic
 - Level 2.0 Air Magic
 - Level 4.0 Earth Magic
 - Level 4.0 Poison Magic
 - Level 10.0 Invocations
 - Level 6.0 Evocations


You had 17 spell levels left.
You knew the following spells:

 Your Spells              Type           Power        Failure   Level  Hunger
a - Flame Tongue          Conj/Fire      #####        1%          1    None
b - Throw Flame           Conj/Fire      ######       1%          2    None
c - Conjure Flame         Conj/Fire      #######.     1%          3    None
d - Sandblast             Erth           ######       1%          1    None
f - Fireball              Conj/Fire      #######...   1%          5    None
m - Mephitic Cloud        Conj/Pois/Air  ######..     1%          3    None
s - Sticky Flame          Conj/Fire      #######.     1%          4    None
w - Bolt of Cold          Conj/Ice       ######....   11%         6    ##.....
R - Blink                 Tloc           N/A          1%          2    None

Your spell library contained the following spells:

 Spells                   Type           Power        Failure   Level  Hunger
 Magic Dart               Conj           ####         0%          1    None
 Animate Skeleton         Necr           N/A          1%          1    None
 Apportation              Tloc           #####.       1%          1    None
 Beastly Appendage        Tmut           ###...       1%          1    None
 Confusing Touch          Hex            ###...       1%          1    None
 Corona                   Hex            ###....      1%          1    None
 Summon Small Mammal      Summ           ###.         1%          1    None
 Ensorcelled Hibernation  Hex/Ice        #####.       1%          2    None
 Passwall                 Tmut/Erth      #####...     1%          2    None
 Poisonous Vapours        Pois/Air       #####.       1%          2    None
 Searing Ray              Conj           ######       1%          2    None
 Dazzling Spray           Conj/Hex       ######       1%          3    None
 Inner Flame              Hex/Fire       ######..     1%          3    None
 Stone Arrow              Conj/Erth      ######       1%          3    None
 Force Lance              Conj/Tloc      ######..     1%          4    None
 Fulminant Prism          Conj/Hex       ######....   1%          4    None
 Iskenderun's Mystic Bla  Conj           #######.     1%          4    None
 Call Imp                 Summ           ###.....     2%          2    None
 Slow                     Hex            ###.....     2%          2    None
 Sticks to Snakes         Tmut           ###.....     2%          2    None
 Gell's Gravitas          Tloc           #####.....   2%          3    None
 Spider Form              Tmut/Pois      #####.....   2%          3    None
 Recall                   Summ/Tloc      N/A          3%          3    None
 Confuse                  Hex            ###.....     4%          3    None
 Tukima's Dance           Hex            ###.....     4%          3    None
 Ice Form                 Ice/Tmut       #####...     8%          4    None
 Petrify                  Tmut/Erth      #####...     8%          4    None
 Lee's Rapid Deconstruct  Erth           ######....   9%          5    None
 Animate Dead             Necr           N/A          17%         4    None
 Borgnjor's Vile Clutch   Necr/Erth      #####.....   21%         5    None
 Metabolic Englaciation   Hex/Ice        #####.....   22%         5    None
 Freezing Cloud           Conj/Ice/Air   ######....   24%         6    ##.....
 Blade Hands              Tmut           ###.......   43%         5    None
 Yara's Violent Unravell  Hex/Tmut       ###.......   43%         5    None
 Ozocubu's Refrigeration  Ice            ######....   47%         6    ##.....
 Simulacrum               Ice/Necr       #####.....   75%         6    ##.....
 Ring of Flames           Chrm/Fire      ######....   88%         7    #####..
 Death Channel            Necr           ###.......   95%         6    ##.....


Dungeon Overview and Level Annotations

Branches:
Dungeon (14/15)            Temple (1/1) D:5            Lair (6/6) D:10
 Shoals (0/4) Lair:2       Spider (0/4) Lair:4        Slime (0/5) Lair:5
    Orc (0/2) D:10         Vaults (0/5) D:13

Altars:
Ashenzari
Cheibriados
Dithmenos
Elyvilon
Fedhas
Gozag
Hepliaklqana
Kikubaaqudgha
Makhleb
Nemelex Xobeh
Okawaru
Qazlal
Ru
Sif Muna
Trog
Uskayaw
Vehumet
Wu Jian
Xom
Yredelemnul
Zin
The Shining One

Shops:
D:6 :*?!   D:12 =*(!

Annotations:
D:3 1 runed translucent door, Crazy Yiuf


Innate Abilities, Weirdness & Mutations

You cannot wear most types of armour.
You are very stealthy in the water. (Stealth+)
You are amphibious.
You can wear up to eight rings at the same time.
You can use your tentacles to constrict eight enemies at once.
Your skin changes colour to match your surroundings (Stealth+).
Your rubbery body absorbs attacks. (AC +1, EV +1)
You are partially covered in slimy green scales. (AC +2)
You are resistant to hostile enchantments. (MR+)
You expend magic power (3 MP) to strengthen your wands.


Message History

Aim: a manticore (almost dead)
Okay, then.
As you read the scroll of teleportation {@r3}, it crumbles to dust.
You feel strangely unstable. The yak closely misses you.
Unknown command.
Unknown command.
Unknown command.
Unknown command.
Casting: Bolt of Cold (quite dangerous; 11% risk of failure)
Confirm with . or Enter, or press ? or * to list all spells.
Aiming: Sticky Flame (safe; 1% risk of failure)
Press: ? - help, Shift-Dir - straight line, f/p - manticore
Aim: a manticore (almost dead)
The sticky flame hits the manticore but does no damage.
The manticore is almost dead.
The manticore is covered in liquid flames!
The manticore burns!
The yak completely misses you. The manticore bites you!!
* * * LOW HITPOINT WARNING * * *
The manticore claws you!
You die...

...## .P..# .##.
....# ... .P.^# ..#
# #..## ..## .##
)..# ### ..# ...#
##.# ##.###
#.###.÷.## ...#
##....####........#
[..###......##YY@Y.#
....###....÷.#.H÷###
....# #..##..††Y##
....# #...###§###
..#.# ##...#######
.#### ##...###.P# .#
##.....P# ##
#####..†...###
#####P....8......###


You could see 2 death yaks, a manticore (burning) and 2 yaks.

Vanquished Creatures
  Nessos (Lair:4)
  Snorg (D:12)
  Harold (D:7)
  6 hydras
  A death knight (D:10)
  2 centaur warriors
  2 catoblepae (Lair:6)
  The ghost of pentaxis93 the Arsonist, a journeyman DEFE of Vehumet (Lair:1)
  4 two-headed ogres
  7 death yaks
  Urug (D:13)
  An orc knight (Bailey)
  2 unseen horrors
  3 ugly things
  A necromancer (D:13)
  2 cyclopes
  4 deep elf magi
  4 manticores
  2 centaur zombies
  4 elephants (Lair:3)
  8 black mambas
  Maurice (D:10)
  A torpor snail (Lair:4)
  9 spiny frogs
  An ice statue (Lair:4)
  2 rime drakes
  3 gargoyles
  A freezing wraith (Lair:4)
  3 centaur skeletons
  10 komodo dragons
  A redback zombie (D:14)
  6 meliai
  2 polar bears (Lair:4)
  A jumping spider (Lair:4)
  2 hornets
  A troll (D:14)
  21 blink frogs
  12 hippogriffs
  15 dream sheep
  11 slime creatures
  A redback (Lair:4)
  A wraith (D:11)
  A vampire (D:13)
  70 yaks
  3 wyverns
  5 hungry ghosts
  2 basilisks
  An acid dragon (D:7)
  Duvessa (D:6)
  8 water moccasins
  4 porcupines
  22 orc warriors
  11 ice beasts
  An eye of draining (D:10)
  A phantom (D:12)
  3 sky beasts
  A black bear (D:10)
  9 wolves
  5 boggarts (D:14)
  2 ogres
  15 centaurs
  A necrophage (D:12)
  12 crocodiles
  2 big kobolds
  18 bullfrogs
  Dowan (D:6)
  2 wyvern skeletons
  2 scorpions
  A water moccasin skeleton (D:7)
  A killer bee (D:10)
  10 wights
  2 electric eels
  A howler monkey (D:4)
  4 crimson imps
  3 bullfrog zombies
  9 hounds
  7 jellies
  6 orc priests
  12 orc wizards
  Jessica (D:3)
  5 bullfrog skeletons
  10 iguanas
  8 worker ants
  5 hell rats (Lair:4)
  A hound skeleton (D:8)
  8 mummies (Ossuary)
  A howler monkey zombie (D:6)
  A worker ant zombie (D:6)
  17 adders
  8 gnolls (Bailey)
  5 shadow imps
  A white imp (Lair:4)
  An ooze (Lair:5)
  An adder skeleton (D:7)
  A dart slug (D:1)
  10 leopard geckos
  67 orcs
  4 ball pythons
  10 bats
  6 giant cockroaches
  25 goblins
  27 hobgoblins
  16 jackals
  23 kobolds
  7 quokkas
  4 frilled lizards
  A giant cockroach zombie (D:6)
  A gnoll zombie (Ossuary)
  4 kobold zombies (Ossuary)
  2 leopard gecko skeletons
  A leopard gecko zombie (D:5)
  3 orc zombies (Ossuary)
  A quokka zombie (D:6)
  4 rats
  3 fungi
  6 plants
721 creatures vanquished.

Vanquished Creatures (collateral kills)
  3 yaks (D:11)
  An orc priest (D:11)
4 creatures vanquished.

Vanquished Creatures (others)
  A frilled lizard (D:4)
  20 fungi
  13 plants
34 creatures vanquished.

Grand Total: 759 creatures vanquished

Notes
Turn   | Place    | Note
-------+----------+-------------------------------------------
     0 | D:1      | Redear the Octopode Fire Elementalist began the quest for
                  | the Orb.
     0 | D:1      | Reached XP level 1. HP: 11/11 MP: 3/3
   222 | D:1      | Reached XP level 2. HP: 17/17 MP: 0/5
   856 | D:1      | Reached XP level 3. HP: 21/21 MP: 4/6
  1293 | D:2      | Reached skill level 2 in Conjurations
  1379 | D:2      | Learned a level 3 spell: Conjure Flame
  1746 | D:2      | Reached XP level 4. HP: 27/27 MP: 5/8
  2132 | D:3      | Noticed Jessica
  2392 | D:3      | Reached skill level 3 in Spellcasting
  2428 | D:3      | Killed Jessica
  2428 | D:3      | Reached skill level 4 in Fire Magic
  2428 | D:3      | Reached XP level 5. HP: 31/31 MP: 9/9
  2693 | D:3      | Found a runed translucent door.
  2694 | D:3      | Noticed Crazy Yiuf
  2871 | D:3      | Reached skill level 3 in Conjurations
  3451 | D:4      | Found a white marble altar of Elyvilon.
  3503 | D:4      | Reached XP level 6. HP: 30/36 MP: 11/11
  3614 | D:4      | Learned a level 2 spell: Throw Flame
  4126 | D:4      | Reached skill level 4 in Spellcasting
  4190 | D:4      | Reached skill level 4 in Conjurations
  4190 | D:4      | Reached skill level 5 in Fire Magic
  4218 | D:4      | Reached XP level 7. HP: 39/41 MP: 13/13
  4563 | D:5      | Entered Level 5 of the Dungeon
  4624 | D:5      | Found a staircase to the Ecumenical Temple.
  4645 | Temple   | Entered the Ecumenical Temple
  4922 | D:5      | Found a radiant altar of Vehumet.
  4991 | D:5      | Found a sand-covered staircase.
  4996 | Ossuary  | Entered an ossuary
  6635 | D:6      | Got a transparent jade ring
  6655 | D:6      | Reached skill level 5 in Conjurations
  6655 | D:6      | Reached XP level 8. HP: 34/46 MP: 14/15
  6659 | D:6      | Reached skill level 5 in Spellcasting
  6659 | D:6      | Reached skill level 6 in Fire Magic
  6709 | D:6      | Found Suigo's Magic Scroll Boutique.
  6717 | D:6      | Bought a scroll of blinking for 90 gold pieces
  6717 | D:6      | Bought a scroll of fear for 42 gold pieces
  6717 | D:6      | Bought a scroll of fog for 24 gold pieces
  6717 | D:6      | Bought a scroll of teleportation for 36 gold pieces
  6717 | D:6      | Bought a scroll of identify for 24 gold pieces
  6717 | D:6      | Bought a scroll of identify for 24 gold pieces
  6717 | D:6      | Bought a scroll of identify for 24 gold pieces
  6717 | D:6      | Bought a scroll of identify for 24 gold pieces
  6717 | D:6      | Bought a scroll of teleportation for 36 gold pieces
  6718 | D:6      | Identified the ring "Opunk" {rPois Str+4 Dex+4 SInv} (You
                  | found it on level 6 of the Dungeon)
  6803 | D:6      | Found Wopyv's Distillery.
  6810 | D:6      | Bought a potion of mutation for 104 gold pieces
  6810 | D:6      | Bought a potion of might for 52 gold pieces
  6810 | D:6      | Bought a potion of might for 52 gold pieces
  6816 | D:6      | Gained mutation: You are resistant to hostile enchantments.
                  | (MR+) [potion of mutation]
  6816 | D:6      | Gained mutation: You evolve. [potion of mutation]
  6816 | D:6      | Gained mutation: You expend magic power (3 MP) to
                  | strengthen your wands. [potion of mutation]
  7016 | D:6      | Gained mutation: You are partially covered in slimy green
                  | scales. (AC +2) [evolution]
  7071 | D:6      | Learned a level 4 spell: Sticky Flame
  7077 | D:6      | Learned a level 5 spell: Fireball
  7241 | D:6      | Found a glowing golden altar of the Shining One.
  7245 | D:6      | Found a glowing silver altar of Zin.
  7245 | D:6      | Found a sparkling altar of Nemelex Xobeh.
  7265 | D:6      | Found a shattered altar of Ashenzari.
  7284 | D:6      | Became a worshipper of Zin the Law-Giver
  7297 | D:6      | Found a sacrificial altar of Ru.
  7783 | D:6      | Found Eqixt's Book Shop.
  7815 | D:6      | Found Tinlis's Assorted Antiques.
  7849 | D:6      | Reached skill level 6 in Conjurations
  8318 | D:7      | Noticed a hippogriff
  8321 | D:7      | Noticed Dowan
  8395 | D:7      | Noticed Duvessa
  8406 | D:6      | Killed Duvessa
  8406 | D:6      | Killed Dowan
  8406 | D:6      | Reached skill level 6 in Spellcasting
  8406 | D:6      | Reached skill level 7 in Fire Magic
  8606 | D:7      | Noticed a hippogriff
  8612 | D:7      | Killed a hippogriff
  8612 | D:7      | Reached XP level 9. HP: 51/51 MP: 16/18
  8643 | D:7      | Reached * piety under Zin
  8873 | D:7      | Reached skill level 7 in Conjurations
  9202 | D:7      | Reached skill level 8 in Fire Magic
  9206 | D:7      | Reached skill level 7 in Spellcasting
  9208 | D:7      | HP: 2/51 [yak (18)]
  9628 | D:7      | Noticed Harold
  9652 | D:7      | Killed Harold
  9652 | D:7      | Reached skill level 8 in Conjurations
  9652 | D:7      | Reached XP level 10. HP: 52/56 MP: 4/21
 10267 | D:8      | Reached skill level 9 in Fire Magic
 10293 | D:8      | Found a flagged portal.
 10304 | D:8      | Reached skill level 8 in Spellcasting
 10336 | Bailey   | Entered a bailey
 10879 | Bailey   | Reached skill level 1 in Invocations
 11127 | Bailey   | Noticed an orc warlord
 11195 | Bailey   | Reached skill level 2 in Invocations
 11197 | Bailey   | Reached ** piety under Zin
 11303 | Bailey   | Noticed an orc knight
 11350 | Bailey   | Killed an orc knight
 11350 | Bailey   | Reached skill level 9 in Conjurations
 11592 | Bailey   | Reached skill level 3 in Invocations
 12335 | D:8      | Identified the cursed +0 flail of Generosity {speed, rN+
                  | Str+6}
 12833 | D:9      | Found a deep blue altar of Sif Muna.
 12918 | D:9      | Noticed a two-headed ogre
 13163 | D:9      | Reached XP level 11. HP: 61/61 MP: 23/23
 13453 | D:7      | Lost mutation: You evolve. [end of evolution]
 13460 | D:6      | Bought a book of Minor Magic for 220 gold pieces
 13463 | D:6      | Learned a level 2 spell: Blink
 13677 | D:9      | Killed a two-headed ogre
 13677 | D:9      | Reached skill level 1 in Translocations
 13677 | D:9      | Reached skill level 4 in Invocations
 13766 | D:10     | Entered Level 10 of the Dungeon
 13772 | D:10     | Reached *** piety under Zin
 13818 | D:10     | Reached skill level 10 in Fire Magic
 14002 | D:10     | Noticed Maurice
 14070 | D:10     | Reached skill level 9 in Spellcasting
 14168 | D:10     | Reached skill level 2 in Translocations
 14732 | D:10     | Reached skill level 5 in Invocations
 14981 | D:10     | Reached skill level 10 in Conjurations
 15092 | D:10     | Found a staircase to the Lair.
 15240 | D:10     | Found a staircase to the Orcish Mines.
 15244 | D:10     | Reached **** piety under Zin
 15332 | D:10     | Killed Maurice
 15481 | D:10     | You fall through a shaft!
 15552 | D:11     | Noticed a manticore
 15598 | D:11     | Noticed a purple ugly thing
 15610 | D:11     | Killed a purple ugly thing
 15610 | D:11     | Reached skill level 6 in Invocations
 15900 | D:10     | Noticed a white ugly thing
 15920 | D:10     | Killed a white ugly thing
 16264 | D:10     | Noticed a deep elf mage
 16265 | D:10     | Noticed a death knight
 16268 | D:10     | Noticed a deep elf mage
 16272 | D:10     | Killed a deep elf mage
 16272 | D:10     | Reached skill level 10 in Spellcasting
 16272 | D:10     | Reached skill level 7 in Invocations
 16274 | D:10     | Killed a death knight
 16279 | D:10     | Noticed a sixfirhy
 17060 | D:10     | Killed a deep elf mage
 17060 | D:10     | Reached skill level 8 in Invocations
 17060 | D:10     | Reached XP level 12. HP: 66/66 MP: 10/26
 17119 | D:10     | Identified 2 scrolls of acquirement
 17129 | D:10     | Got a warped iron ring
 17131 | D:10     | Got a scintillating glass ring
 17133 | D:10     | Identified the ring of Efyhoo Pyta {rF+ rC+ Str-4 Int+3
                  | SInv} (You acquired it on level 10 of the Dungeon)
 17135 | D:10     | Identified the ring "Lene" {+Fly MR++ Dex+3 Slay+3 Stlth-}
                  | (You acquired it on level 10 of the Dungeon)
 17903 | D:11     | Reached skill level 9 in Invocations
 18211 | D:11     | Reached skill level 10 in Invocations
 18258 | D:11     | Reached skill level 1 in Evocations
 18471 | D:11     | Reached skill level 2 in Evocations
 18649 | D:11     | Reached skill level 3 in Evocations
 18793 | D:11     | Reached skill level 4 in Evocations
 19258 | D:12     | Reached skill level 5 in Evocations
 19390 | D:12     | Found Jyuxtiwk's Assorted Antiques.
 19401 | D:12     | Noticed a five-headed hydra
 19476 | D:12     | Found Arphuylai's Jewellery Shoppe.
 19504 | D:12     | Reached ***** piety under Zin
 19543 | D:12     | Noticed a centaur warrior
 19575 | D:12     | Noticed Snorg
 19622 | D:12     | Found Feergh's Weapon Boutique.
 19635 | D:12     | Killed a five-headed hydra
 19635 | D:12     | Reached skill level 6 in Evocations
 19913 | D:12     | Killed Snorg
 19975 | D:12     | Learned a level 3 spell: Mephitic Cloud
 20108 | D:12     | Killed a centaur warrior
 20108 | D:12     | Reached skill level 1 in Poison Magic
 20371 | D:12     | Reached skill level 1 in Air Magic
 20407 | D:12     | Reached skill level 3 in Dodging
 20684 | D:12     | Found Ekoru's Distillery.
 20793 | D:12     | Reached skill level 2 in Poison Magic
 21222 | D:12     | Reached skill level 2 in Air Magic
 21578 | D:13     | Reached XP level 13. HP: 71/71 MP: 25/27
 21580 | D:13     | Noticed Urug
 21592 | D:13     | Reached skill level 3 in Poison Magic
 21712 | D:13     | Reached skill level 4 in Dodging
 21883 | D:13     | Killed Urug
 21970 | D:13     | Reached skill level 4 in Poison Magic
 22534 | D:13     | Reached skill level 5 in Dodging
 22816 | D:13     | Reached skill level 11 in Conjurations
 22895 | D:13     | Found a gate to the Vaults.
 23044 | D:13     | Reached skill level 11 in Spellcasting
 23257 | D:14     | Reached skill level 6 in Dodging
 23327 | D:14     | Zin protects you from harm!
 24094 | D:14     | Learned a level 1 spell: Sandblast
 24180 | D:14     | Reached skill level 1 in Earth Magic
 24491 | D:14     | Reached skill level 2 in Earth Magic
 24631 | Lair:1   | Entered Level 1 of the Lair of Beasts
 24703 | Lair:1   | Found a large runed translucent door.
 24703 | Lair:1   | Found a large runed translucent door.
 24704 | Lair:1   | Noticed pentaxis93's ghost (journeyman DEFE)
 24766 | Lair:1   | Reached skill level 3 in Earth Magic
 24853 | Lair:1   | Reached skill level 4 in Earth Magic
 24854 | Lair:1   | Reached XP level 14. HP: 27/76 MP: 29/29
 25184 | Lair:1   | Killed pentaxis93's ghost
 25184 | Lair:1   | Reached skill level 12 in Spellcasting
 25473 | Lair:2   | Found a staircase to the Shoals.
 25911 | Lair:2   | Reached ****** piety under Zin
 26458 | Lair:3   | Reached skill level 13 in Spellcasting
 27215 | Lair:4   | Noticed Nessos
 27231 | Lair:4   | Killed Nessos
 27674 | Lair:4   | Got a twisted short sword
 27675 | Lair:4   | Identified the +9 short sword "Conservator" {pierce, rF+
                  | Str+3 Int+3} (You found it on level 4 of the Lair of
                  | Beasts)
 27781 | Lair:4   | Found a hole to the Spider Nest.
 27786 | Lair:4   | Reached skill level 14 in Spellcasting
 29280 | Lair:5   | Found a staircase to the Slime Pits.
 29434 | Lair:5   | Reached XP level 15. HP: 81/81 MP: 33/33
 29784 | Lair:6   | Entered Level 6 of the Lair of Beasts
 29849 | Lair:6   | Reached skill level 15 in Spellcasting
 29871 | Lair:5   | Learned a level 6 spell: Bolt of Cold
 29956 | Lair:5   | Reached skill level 1 in Shields
 30022 | Lair:6   | Reached skill level 1 in Ice Magic
 30031 | Lair:6   | Reached skill level 7 in Dodging
 30237 | Lair:6   | Reached skill level 2 in Shields
 30283 | Lair:6   | Reached skill level 2 in Ice Magic
 30757 | Lair:6   | Reached skill level 3 in Shields
 30834 | Lair:6   | Reached skill level 3 in Ice Magic
 31551 | Lair:6   | Reached skill level 8 in Dodging
 31551 | Lair:6   | Reached skill level 4 in Shields
 31555 | Lair:6   | HP: 7/81 [manticore (22)]
 31555 | Lair:6   | Slain by a manticore

Levels and vault maps discovered:
D:1:      nicolae_arrival_somewhat_less_tricky_arrival, layout_basic
D:2:      layout_rooms
D:3:      layout_loops_cross, first_ration, uniq_crazy_yiuf_cottage,
          uniq_jessica
D:4:      layout_basic, elyvilon_altar_4
D:5:      layout_cave_pods, kennysheep_mini, minmay_temple_entry_junction,
          enter_ossuary_5
D:6:      layout_basic, minmay_overflow_temple_star_hex, serial_shops, shop,
          shop, kennysheep_little_box, nicolae_shop_waterfront
D:7:      layout_layer_cave, uniq_duvessa, uniq_harold
D:8:      layout_loops_ring, enter_bailey_6
D:9:      layout_basic, basic_altar
D:10:     minmay_the_grid_triangle_9x9_rhombus_full
          [minmay_the_grid_triangle_9x9_windchime,
          minmay_the_grid_triangle_9x9_thin_v,
          minmay_the_grid_triangle_9x9_alien,
          minmay_the_grid_triangle_9x9_cache,
          minmay_the_grid_triangle_9x9_semitri,
          minmay_the_grid_triangle_9x9_corrupted_corridor,
          minmay_the_grid_triangle_9x9_skeleton,
          minmay_the_grid_triangle_9x9_prize_insulated], layout_irregular_city,
          grunt_lair_entry_orc_guard_hut, david_orc_4, uniq_maurice
D:11:     layout_long_grid
D:12:     layout_cave_pods, serial_shops, shop, nicolae_shop_waterfront,
          nicolae_shop_statue_plus, nicolae_shop_temple_entry_statues_fountains,
          uniq_snorg
D:13:     layout_roguey, david_vaults_1, uniq_urug
D:14:     layout_loops_cross, minivault_27
Temple:   eino_temple_scatter_basement
Lair:1:   layout_gridlike, ebering_ghost_disaster_area
Lair:2:   layout_small_grid, minmay_shoals_entry_beasts
Lair:3:   layout_roguey, beast_lair_carwin_2, lemuel_fruit_fields,
          grunt_megastairs_1, serial_bayou_shore_a
Lair:4:   layout_regular_city, spider_nest_entry_a, ice2_lemuel, uniq_nessos
Lair:5:   layout_cave_pods, nicolae_slime_entry_slimehenge, serial_bayou_pond_d
Lair:6:   evilmike_catoblepas_cave, layout_loops_ring

Skill      XL: |  1  2  3  4  5  6  7  8  9 10 11 12 13 14 15 |
---------------+----------------------------------------------+-----
Conjurations   | 2 3 4 5 6 8 9 10 11 | 11.6
Spellcasting   | 3 4 6 7 8 10 11 14 15 | 15.0
Fire Magic     | 4 5 7 8 9 10 | 10.0
Invocations    | 3 8 10 | 10.0
Translocations | 2 |  2.1
Evocations     | 6 |  6.0
Poison Magic   | 2 4 |  4.0
Air Magic      | 2 |  2.0
Dodging        | 3 6 8 |  8.0
Earth Magic    | 4 |  4.0
Shields        | 4 |  4.0
Ice Magic      | 3 |  3.8
Stealth        | |  2.6

Action                   |  1- 3 |  4- 6 |  7- 9 | 10-12 | 13-15 || total
-------------------------+-------+-------+-------+-------+-------++-------
Melee: Unarmed           |    26 |     5 |       |       |       ||    31
       Constrict         |    10 |    11 |     7 |    15 |    12 ||    55
       Tentacles         |     6 |     8 |     9 |    23 |    12 ||    58
       Dagger            |       |    35 |    26 |       |       ||    61
       Short sword       |       |       |    11 |    76 |     5 ||    92
       Staff             |       |       |       |       |    61 ||    61
Throw: Stone             |       |       |       |     1 |     1 ||     2
 Cast: Flame Tongue      |    49 |    87 |   193 |   267 |    16 ||   612
       Conjure Flame     |       |       |    16 |    33 |    20 ||    69
       Throw Flame       |       |       |    33 |    68 |    49 ||   150
       Sticky Flame      |       |       |     6 |    37 |    82 ||   125
       Fireball          |       |       |     5 |   123 |   381 ||   509
       Blink             |       |       |       |    10 |     7 ||    17
       Mephitic Cloud    |       |       |       |       |     7 ||     7
       Bolt of Cold      |       |       |       |       |     4 ||     4
Invok: Recite            |       |       |       |     4 |       ||     4
       Vitalisation      |       |       |       |     3 |    11 ||    14
Evoke: Wand              |       |       |     3 |    13 |     3 ||    19
       Phial of floods   |       |       |       |     1 |     1 ||     2
  Use: Scroll            |       |       |    10 |    17 |    24 ||    51
       Potion            |       |       |     5 |     8 |     2 ||    15
 Stab: Sleeping          |     3 |       |       |       |       ||     3
  Eat: Chunk             |     2 |     8 |     7 |    16 |    31 ||    64
       Ration            |       |       |     4 |    13 |     5 ||    22
Armor: Skin              |     7 |     1 |    13 |    14 |    12 ||    47
Dodge: Dodged            |    41 |    51 |    71 |   159 |   185 ||   507

Table legend:
 A = Non-vault XP
 B = Vault XP
 C = Vault XP percentage of total XP
 D = Non-vault monster count
 E = Vault monster count
 F = Vault count percentage of total count
                 A         B        C        D         E       F
            +---------+---------+-------+---------+---------+-------
      Total |   80231 |   28794 |  26.4 |     530 |     186 |  26.0
            +---------+---------+-------+---------+---------+-------
        D:1 |      47 |       0 |   0.0 |      25 |       0 |   0.0
        D:2 |      75 |       0 |   0.0 |      24 |       0 |   0.0
        D:3 |     118 |      37 |  23.9 |      22 |       1 |   4.3
        D:4 |     422 |       0 |   0.0 |      21 |       0 |   0.0
        D:5 |     258 |       0 |   0.0 |      14 |       0 |   0.0
        D:6 |     870 |     230 |  20.9 |      29 |       2 |   6.5
        D:7 |    2048 |    1018 |  33.2 |      30 |       1 |   3.2
        D:8 |    1344 |       0 |   0.0 |      21 |       0 |   0.0
        D:9 |    1533 |       0 |   0.0 |      16 |       0 |   0.0
       D:10 |    2741 |    5645 |  67.3 |      21 |      42 |  66.7
       D:11 |    6573 |       0 |   0.0 |      54 |       0 |   0.0
       D:12 |    6151 |    1152 |  15.8 |      27 |       1 |   3.6
       D:13 |    6372 |    4074 |  39.0 |      24 |       6 |  20.0
       D:14 |    8335 |       0 |   0.0 |      38 |       0 |   0.0
     Lair:1 |    5560 |     907 |  14.0 |      19 |       1 |   5.0
     Lair:2 |    2294 |     788 |  25.6 |      13 |       2 |  13.3
     Lair:3 |    6352 |     948 |  13.0 |      25 |       7 |  21.9
     Lair:4 |    8511 |    4220 |  33.1 |      36 |      16 |  30.8
     Lair:5 |    8216 |     226 |   2.7 |      28 |       6 |  17.6
     Lair:6 |   12411 |    7155 |  36.6 |      43 |      17 |  28.3
    Ossuary |       0 |     152 | 100.0 |       0 |      16 | 100.0
     Bailey |       0 |    2242 | 100.0 |       0 |      68 | 100.0
            +---------+---------+-------+---------+---------+-------
